AoeStats
← Νατξολούκη

Migration

504481472Analyzed
1v1 RM · 27d ago on Sep 5, 2026· 20m 52s· 2 players
Game mode
Random Map
Map size
132×132
Population
200
Speed
Normal
Resources
Standard
Victory
Conquest
Starting age
Dark Age
Ending age
Imperial Age
RankedLock teamsTeams togetherTeam positionsShared explorationLock speedFull tech treeHidden civsTurbo modeCheats
Victory
Defeat
🇮🇳 Aztecs · India
962
+15
🇪🇸 Britons · Spain
951
-44
Νατξολούκη
7:19 Loom
9:48 Feudal Age
10:33 Double-Bit Axe
10:30 Horse Collar
11:41 Wheelbarrow
12:48 Gold Mining
av1na5h
12:30 Feudal Age
13:04 Double-Bit Axe
13:03 Fishing Lines
15:20 Wheelbarrow
18:23 Stone Mining
18:25 Gold Mining
19:19 Stone Mining
19:23 Town Watch
19:24 Loom
Connection lost

Rejoining the realm…

Still unreachable

The connection could not be restored.

Session expired

The server has moved on; the page needs a fresh start.